AoeStats
← NoWallNoSkill5578

Arena

508392410Analyzed
2v2 RM · 8d ago on Sep 22, 2026· 50m 1s· 4 players
Game mode
Random Map
Map size
Medium (4 player)
Population
200
Speed
Normal
Resources
Standard
Victory
Conquest
Starting age
Dark Age
Ending age
Imperial Age
RankedLock teamsTeams togetherTeam positionsShared explorationLock speedFull tech treeHidden civsTurbo modeCheats
Victory
Defeat
🇨🇭 Byzantines · Switzerland
1247
+17
🇧🇪 Ethiopians · Belgium
1179
+20
🇫🇷 Georgians · France
1318
-20
🇫🇷 Burgundians · France
1234
-17
Spectres
10:33 Feudal Age
11:39 Double-Bit Axe
16:45 Castle Age
15:14 Stone Mining
15:39 Horse Collar
16:20 Gold Mining
23:49 Heavy Plow
28:34 Imperial Age
27:22 Forging
28:35 Wheelbarrow
28:36 Scale Barding Armor
28:49 Husbandry
29:25 Capped Ram
31:09 Iron Casting
31:42 Conscription
31:46 Hand Cart
32:06 Pikeman
32:48 Scale Mail Armor
32:46 Halberdier
34:40 Bow Saw
34:51 Chain Mail Armor
36:03 Arson
37:19 Gambesons
37:34 Squires
40:19 Plate Mail Armor
39:46 Elite Cataphract
41:29 Chain Barding Armor
43:22 Chemistry
44:56 Plate Barding Armor
43:44 Heavy Camel Rider
El tigre Abelardo
9:52 Feudal Age
13:38 Castle Age
12:01 Double-Bit Axe
18:54 Horse Collar
20:55 Heavy Plow
21:37 Wheelbarrow
21:33 Scale Mail Armor
27:10 Imperial Age
24:46 Town Watch
25:13 Bow Saw
25:47 Forging
25:52 Chain Mail Armor
25:48 Gold Mining
26:10 Squires
25:56 Arson
27:07 Iron Casting
27:18 Halberdier
28:29 Plate Mail Armor
27:20 Capped Ram
29:30 Two-Man Saw
29:52 Hand Cart
29:40 Siege Ram
36:32 Fletching
36:42 Crossbowman
37:28 Thumb Ring
37:33 Bodkin Arrow
37:46 Arbalester
38:29 Bracer
38:30 Padded Archer Armor
39:57 Chemistry
39:18 Ballistics
40:10 Leather Archer Armor
42:08 Blast Furnace
42:18 Ring Archer Armor
42:58 Gold Shaft Mining
45:31 Elite Shotel Warrior
46:18 Royal Heirs
47:42 Torsion Engines
Léon gontran
6:42 Double-Bit Axe
9:43 Feudal Age
8:22 Horse Collar
10:48 Bow Saw
16:48 Castle Age
17:56 Heavy Plow
17:34 Light Cavalry
19:13 Forging
26:20 Wheelbarrow
26:50 Crop Rotation
27:10 Gold Mining
27:11 Stone Mining
27:00 Pikeman
27:41 Squires
31:05 Imperial Age
29:02 Padded Archer Armor
30:33 Hand Cart
31:22 Fortified Wall
33:23 Chemistry
43:16 Leather Archer Armor
42:25 Elite Skirmisher
47:48 Fletching
48:45 Bodkin Arrow
50:07 Bracer
NoWallNoSkill5578
10:53 Feudal Age
14:41 Castle Age
13:20 Double-Bit Axe
13:17 Horse Collar
14:26 Gold Mining
17:40 Bow Saw
18:38 Wheelbarrow
19:29 Loom
20:46 Heavy Plow
22:05 Fervor
22:03 Town Watch
25:47 Hand Cart
30:51 Imperial Age
28:49 Scale Barding Armor
29:13 Forging
29:50 Chain Barding Armor
30:16 Bloodlines
30:25 Svan Towers
31:01 Iron Casting
30:46 Masonry
30:18 Treadmill Crane
30:59 Elite Monaspa
32:15 Plate Barding Armor
31:43 Husbandry
32:30 Architecture
32:42 Conscription
33:44 Blast Furnace
33:13 Devotion
36:40 Fletching
37:24 Siege Engineers
38:20 Chemistry
37:26 Bodkin Arrow
39:49 Crop Rotation
39:11 Stone Mining
39:42 Aznauri Cavalry
Connection lost

Rejoining the realm…

Still unreachable

The connection could not be restored.

Session expired

The server has moved on; the page needs a fresh start.